 Dungeon Crawl Stone Soup version 0.19-a0-1206-g6bcb79c (webtiles) character file.

140 Kidiri the Magician (level 5, -7/28 HPs)
             Began as a Deep Elf Fire Elementalist on Aug 22, 2016.
             Mangled by Sigmund
             ... wielding a +0 scythe
              (13 damage)
             ... on level 3 of the Dungeon.
             The game lasted 00:07:23 (3233 turns).

Kidiri the Magician (Deep Elf Fire Elementalist)    Turns: 3233, Time: 00:07:24

Health: -7/28      AC:  1    Str:  5    XL:     5   Next: 2%
Magic:  10/14      EV: 13    Int: 21    God:
Gold:   178        SH:  0    Dex: 15    Spells: 5 memorised, 1 level left

rFire  . . .     SeeInvis .     k - +1 dagger (speed)
rCold  . . .     Gourm    .     a - +0 robe
rNeg   . . .     Faith    .     (no shield)
rPois  +         Spirit   .     (no helmet)
rElec  .         Dismiss  .     o - +0 cloak {rPois}
rCorr  .         Reflect  .     (no gloves)
MR     .....     Harm     .     (no boots)
Stlth  ++........ Rnd*Tele +    f - amulet of inaccuracy (curse)
                                m - -2 ring of protection (curse)
                                g - ring of teleportation (curse)

@: no status effects
A: no striking features
a: no special abilities


You were on level 3 of the Dungeon.
You were hungry.

You visited 1 branch of the dungeon, and saw 3 of its levels.

You collected 178 gold pieces.

Inventory:

Hand Weapons
 k - a +1 dagger of speed (weapon)
Armour
 a - a +0 robe (worn)
 h - a +0 buckler
 o - a +0 cloak of poison resistance (worn)
Jewellery
 f - a cursed amulet of inaccuracy (around neck)
 g - a cursed ring of teleportation (left hand)
 m - a cursed -2 ring of protection (right hand)
Potions
 d - a potion of curing
 i - a potion of invisibility {unknown}
 l - a potion of berserk rage {unknown}
 n - a potion of resistance {unknown}
 p - a potion of mutation {unknown}
Books
 b - a book of Flames

   Spells                             Type                      Level
   a - Flame Tongue                   Conjuration/Fire             1
   b - Throw Flame                    Conjuration/Fire             2
   c - Conjure Flame                  Conjuration/Fire             3
   d - Inner Flame                    Hexes/Fire                   3
   e - Sticky Flame                   Conjuration/Fire             4
   f - Fireball                       Conjuration/Fire             5
Comestibles
 c - 3 bread rations
 j - a meat ration
 q - 2 chunks of flesh


   Skills:
 - Level 2.4 Dodging
 - Level 2.4 Stealth
 * Level 5.4 Spellcasting
 + Level 2.8 Conjurations
 + Level 4.1 Fire Magic


You had one spell level left.
You knew the following spells:

 Your Spells              Type           Power        Failure   Level  Hunger
a - Flame Tongue          Conj/Fire      ###..        2%          1    None
b - Throw Flame           Conj/Fire      ###...       4%          2    None
c - Conjure Flame         Conj/Fire      ###.....     10%         3    ##.....
d - Inner Flame           Hex/Fire       ##......     17%         3    ##.....
e - Sticky Flame          Conj/Fire      ###.....     28%         4    ####...


Dungeon Overview and Level Annotations

Branches:
Dungeon (3/15)

Altars:
Ashenzari

Annotations:
D:3 Sigmund


Message History

Unknown command.
Sigmund points at you and mumbles some strange words.
The magic dart hits you!
Sigmund drinks a potion.
Sigmund seems to speed up.
You start resting.
Sigmund casts a spell.
Sigmund flickers and vanishes!
Something hits you!
Ouch! That really hurt!
* * * LOW HITPOINT WARNING * * *
You feel better. Something hits you. Something hits you.
* * * LOW HITPOINT WARNING * * *
Casting: Flame Tongue
Confirm with . or Enter, or press ? or * to list all spells.
Aiming: Sticky Flame
Press: ? - help, Shift-Dir - straight line The sticky flame hits something.
Sigmund is covered in liquid flames!
You are feeling hungry.
Sigmund burns!
Sigmund hits you with a scythe!
You die...

... #####.###
#...).).# .. .. #.#
#.####### . #.
#.######.#
#.##........#
###.........###
#......####.#
#......# #.#
#....@.# #.#
#.....@####.#
#....<......#
#......######
#.......# #.......#
#.......# #.......#
####.......#####
l..............####


You could see Sigmund (burning).

Vanquished Creatures
  Crazy Yiuf (D:2)
  Jessica (D:3)
  An adder (D:3)
  An ooze (D:2)
  3 worms (D:2)
  A dart slug (D:2)
  A giant gecko (D:1)
  5 orcs (D:3)
  A ball python (D:1)
  6 giant cockroaches
  5 goblins
  5 hobgoblins
  2 jackals (D:2)
  6 kobolds
  2 quokkas
  5 bats
  2 giant newts (D:1)
  7 rats
  A fungus (D:2)
56 creatures vanquished.

Notes
Turn   | Place    | Note
-------+----------+-------------------------------------------
     0 | D:1      | Kidiri the Deep Elf Fire Elementalist began the quest for the Orb.
     0 | D:1      | Reached XP level 1. HP: 10/10 MP: 6/6
   316 | D:1      | You fall through a shaft!
   395 | D:2      | Reached XP level 2. HP: 15/15 MP: 5/8
   520 | D:2      | Learned a level 2 spell: Throw Flame
  1001 | D:1      | Reached XP level 3. HP: 19/19 MP: 7/10
  1006 | D:1      | Learned a level 3 spell: Conjure Flame
  1010 | D:1      | Learned a level 3 spell: Inner Flame
  1216 | D:1      | Reached skill level 4 in Spellcasting
  1725 | D:2      | Found a shattered altar of Ashenzari.
  2144 | D:2      | Found a runed door.
  2148 | D:2      | Noticed Crazy Yiuf
  2154 | D:2      | Killed Crazy Yiuf
  2154 | D:2      | Reached XP level 4. HP: 24/24 MP: 4/12
  2417 | D:3      | Reached skill level 5 in Spellcasting
  2734 | D:3      | Noticed Jessica
  2741 | D:3      | Killed Jessica
  3050 | D:3      | Learned a level 4 spell: Sticky Flame
  3054 | D:3      | Reached XP level 5. HP: 28/28 MP: 9/14
  3111 | D:3      | Noticed Sigmund
  3233 | D:3      | Mangled by Sigmund

Vault maps used:
D:1:      saegor_arrival_simple_d
D:2:      lemuel_coloured_pillars_altar, first_bread, uniq_crazy_yiuf_cottage
D:3:      kennysheep_big_flooded_room, uniq_jessica, uniq_sigmund

Skill      XL: |  1  2  3  4 |
---------------+-------------+-----
Conjurations   | 2 |  2.8
Spellcasting   | 4 5 |  5.4
Fire Magic     | 4 |  4.1
Dodging        | |  2.4
Stealth        | |  2.4

Action                   |  1- 3 |  4- 6 || total
-------------------------+-------+-------++-------
Melee: Dagger            |    61 |     3 ||    64
 Cast: Flame Tongue      |    67 |    20 ||    87
       Throw Flame       |    14 |     4 ||    18
       Conjure Flame     |     1 |     1 ||     2
       Sticky Flame      |       |     1 ||     1
  Use: Scroll            |     4 |     1 ||     5
       Potion            |       |     2 ||     2
 Stab: Sleeping          |       |     1 ||     1
  Eat: Chunk             |     4 |     3 ||     7
Armor: Robe              |     5 |       ||     5
Dodge: Dodged            |    30 |     5 ||    35
